 Dungeon Crawl Stone Soup version 0.26-a0-663-g36e8fdb655 (console) character file.

Game seed: 15473595696690253756

1584437 hyperwheals the Impregnable (level 27, 230/230 HPs)
             Began as a Mummy Gladiator on Oct 9, 2020.
             Was the Champion of Nemelex Xobeh.
             Escaped with the Orb
             ... and 3 runes on Oct 13, 2020!
             The game lasted 04:08:17 (84183 turns).

hyperwheals the Impregnable (Mummy Gladiator)      Turns: 84183, Time: 04:08:17

Health: 230/230    AC: 50    Str: 37      XL:     27
Magic:  15/37      EV: 18    Int: 10      God:    Nemelex Xobeh [******]
Gold:   5132       SH:  0    Dex: 20 (23) Spells: 27/47 levels left

rFire    + . .     SeeInvis .   a - +9 lajatang (elec)
rCold    + + .     Faith    .   (shield currently unavailable)
rNeg     + + +     Spirit   .   O - +10 plate armour {rF+}
rPois    ∞         Reflect  .   h - +2 helmet
rElec    .         Harm     .   Z - +1 cloak of the Poles {Regen+ Dex+3}
rCorr    .         Rampage  .   R - +2 pair of gloves {Str+3}
MR       +++..                  S - +2 pair of boots {run}
Stlth    ..........             X - amulet "Dups" {RegenMP rC+ Str+8 Dex+5}
HPRegen  0.88/turn              x - ring of protection from fire
MPRegen  0.50/turn              I - +4 ring of protection

@: quick
A: no potions, fire vulnerability, cold resistance 1, negative energy resistance
3, torment resistance, unbreathing, in touch with death 2
0: Orb of Zot
}: 3/15 runes: serpentine, barnacled, silver
a: Draw Escape, Draw Destruction, Draw Summoning, Draw Stack, Triple Draw, Deal
Four, Stack Five, Renounce Religion


You escaped.
You worshipped Nemelex Xobeh.
Nemelex Xobeh was exalted by your worship.
You visited 11 branches of the dungeon, and saw 53 of its levels.
You visited 1 bazaar.
You visited 1 ziggurat, and saw 5 of its levels.
You also visited: Trove, Gauntlet, Ice Cave and Volcano.

You collected 11560 gold pieces.
You spent 6428 gold pieces at shops.

Inventory:

Hand Weapons
 a - a +9 lajatang of electrocution (weapon)
   (You found it in a Gauntlet)
 b - the +2 lajatang "Amugaj" {vorpal, +Inv rC- MR+++ SInv}
   (You acquired it on level 5 of the Vaults)

   It inflicts extra damage upon your enemies.
   It makes you vulnerable to cold.
   It affects your resistance to hostile enchantments.
   It lets you see invisible.
   It lets you turn invisible.
 c - a +1 vampiric quarterstaff
 k - a +2 lajatang of pain
   (You found it in a treasure trove)
Missiles
 d - 7 throwing nets
 f - 12 curare-tipped darts (quivered)
 g - 37 atropa-tipped darts
 v - 7 datura-tipped darts
 C - 35 silver javelins
 E - 4 boomerangs of dispersal
Armour
 h - a +2 helmet (worn)
   (You found it on level 8 of the Dungeon)
 O - a +10 plate armour of fire resistance (worn)
   (You bought it in a shop in a bazaar)
 R - a +2 pair of gloves of strength (worn)
   (You found it on level 3 of the Crypt)
 S - a +2 pair of boots of running (worn)
   (You found it on level 3 of the Depths)
 Z - the +1 cloak of the Poles (worn) {Regen+ Dex+3}
   (You acquired it on level 5 of the Vaults)

   It affects your dexterity (+3).
   It increases your rate of regeneration.
Jewellery
 e - an uncursed ring of protection from fire
   (You found it on level 1 of the Dungeon)
 o - an uncursed ring of flight
   (You found it on level 1 of the Dungeon)
 x - a ring of protection from fire (left hand)
   (You found it on level 3 of the Dungeon)
 I - a +4 ring of protection (right hand)
   (You found it on level 7 of the Dungeon)
 J - the ring "Idoedwaih" {+Inv rC+ MR+ MP+9 Dex+4}
   (You found it on level 4 of the Shoals)

   [ring of magical power]

   It affects your dexterity (+4).
   It protects you from cold.
   It affects your resistance to hostile enchantments.
   It affects your magic capacity (+9).
   It lets you turn invisible.
 L - an uncursed amulet of guardian spirit
   (You found it on level 4 of the Lair of Beasts)
 N - an uncursed amulet of faith
   (You took it off a deep elf mage on level 3 of the Elven Halls)
 W - an uncursed ring of resist corrosion
   (You found it on level 6 of the Lair of Beasts)
 X - the amulet "Dups" (around neck) {RegenMP rC+ Str+8 Dex+5}
   (You acquired it on level 6 of the Lair of Beasts)

   [amulet of magic regeneration]

   It increases your magic regeneration.
   It affects your strength (+8).
   It affects your dexterity (+5).
   It protects you from cold.
Wands
 s - a wand of acid (34)
   (You found it on level 2 of the Dungeon)
 A - a wand of paralysis (25)
   (You found it on level 3 of the Crypt)
 M - a wand of iceblast (89)
   (You found it in a Gauntlet)
 U - a wand of digging (4)
   (You found it on level 10 of the Dungeon)
Scrolls
 i - 3 scrolls of silence {!r}
 j - 25 scrolls of remove curse
 l - 13 scrolls of fog
 m - a scroll of torment
 n - 26 scrolls of teleportation
 p - 7 scrolls of vulnerability
 q - a scroll of magic mapping
 r - 11 scrolls of amnesia
 t - 8 scrolls of holy word
 u - 11 scrolls of fear
 w - 4 scrolls of enchant armour
 y - 2 scrolls of blinking
 D - 6 scrolls of summoning
 F - 42 scrolls of identify
Miscellaneous
 z - a box of beasts (3/3)
   (You found it on level 2 of the Lair of Beasts)
 B - a condenser vane (2/2)
   (You found it on level 1 of the Depths)
 G - a lightning rod (4/4)
   (You found it on level 1 of the Vaults)
 H - a tin of tremorstones (3/3)
   (You found it on level 4 of the Shoals)
 P - a phial of floods
   (You found it on level 1 of the Depths)
 Y - a phantom mirror
   (You found it on level 13 of the Dungeon)


   Skills:
 + Level 21.6 Fighting
 + Level 16.0 Staves
 - Level 1.5 Throwing
 - Level 24.0 Armour
 - Level 11.3 Dodging
 - Level 10.9 Spellcasting
 - Level 15.0 Summonings
 - Level 11.4 Air Magic
 + Level 15.4 Invocations
 - Level 11.3 Evocations


You had 27 spell levels left.
You knew the following spells:

 Your Spells              Type           Power        Failure   Level
a - Summon Lightning Spi  Summ/Air       ####....     1%          4
b - Shadow Creatures      Summ           N/A          11%         6
c - Summon Demon          Summ           #####.....   1%          5
d - Passage of Golubria   Tloc           N/A          97%         4
A - Apportation           Tloc           #.....       32%         1

Your spell library contained the following spells:

 Spells                   Type           Power        Failure   Level
 Summon Small Mammal      Summ           ####         1%          1
 Call Imp                 Summ           #####...     1%          2
 Swiftness                Air            ####....     1%          2
 Shock                    Conj/Air       ###.         3%          1
 Airstrike                Air            ####......   3%          4
 Corpse Rot               Necr/Air       N/A          4%          2
 Poisonous Vapours        Pois/Air       ###...       4%          2
 Static Discharge         Conj/Air       ###.....     10%         3
 Summon Ice Beast         Ice/Summ       ###.....     14%         4
 Mephitic Cloud           Conj/Pois/Air  ##......     21%         3
 Animate Skeleton         Necr           ##....       32%         1
 Corona                   Hex            #......      32%         1
 Foxfire                  Conj/Fire      #...         32%         1
 Magic Dart               Conj           #...         32%         1
 Pain                     Necr           ##..         32%         1
 Sandblast                Erth           #.....       32%         1
 Sting                    Tmut/Pois      #...         32%         1
 Summon Forest            Summ/Tloc      ###.......   38%         5
 Summon Mana Viper        Hex/Summ       ###.....     38%         5
 Ensorcelled Hibernation  Hex/Ice        #.....       45%         2
 Passwall                 Tmut/Erth      #.......     45%         2
 Searing Ray              Conj           #.....       45%         2
 Slow                     Hex            #.......     45%         2
 Summon Hydra             Summ           #####.....   50%         7
 Lightning Bolt           Conj/Air       ###.......   65%         5
 Silence                  Hex/Air        ###.......   65%         5
 Confusing Touch          Hex            #.......     69%         3
 Conjure Flame            Conj/Fire      #.......     69%         3
 Dazzling Flash           Conj/Hex       #.....       69%         3
 Gell's Gravitas          Tloc           #.........   69%         3
 Ignite Poison            Fire/Tmut/Pois #.......     69%         3
 Inner Flame              Hex/Fire       #.......     69%         3
 Lesser Beckoning         Tloc           #.........   69%         3
 Portal Projectile        Hex/Tloc       #.....       69%         3
 Stone Arrow              Conj/Erth      #.....       69%         3
 Teleport Other           Tloc           #.......     69%         3
 Tukima's Dance           Hex            #.......     69%         3
 Vampiric Draining        Necr           ##........   69%         3
 Animate Dead             Necr           ##........   97%         4
 Cause Fear               Hex            #.........   97%         4
 Fulminant Prism          Conj/Hex       #.........   97%         4
 Iskenderun's Mystic Bla  Conj/Tloc      #.......     97%         4
 Leda's Liquefaction      Hex/Erth       #.........   97%         4
 Olgreb's Toxic Radiance  Pois           #.......     97%         4
 Petrify                  Tmut/Erth      #.......     97%         4
 Conjure Ball Lightning   Conj/Air       ###.......   99%         6
 Agony                    Necr           ##......     100%        5
 Alistair's Intoxication  Tmut/Pois      #........    100%        5
 Bolt of Magma            Conj/Fire/Erth #.........   100%        5
 Borgnjor's Vile Clutch   Necr/Erth      ##........   100%        5
 Fireball                 Conj/Fire      #.........   100%        5
 Irradiate                Conj/Tmut      #.........   100%        5
 Lee's Rapid Deconstruct  Erth           #.........   100%        5
 Metabolic Englaciation   Hex/Ice        #.........   100%        5
 Yara's Violent Unravell  Hex/Tmut       #.........   100%        5
 Death Channel            Necr           ##........   100%        6
 Freezing Cloud           Conj/Ice/Air   ##........   100%        6
 Invisibility             Hex            #.......     100%        6
 Simulacrum               Ice/Necr       ##........   100%        6
 Starburst                Conj/Fire      #.........   100%        6
 Chain Lightning          Conj/Air       ###.......   100%        8
 Discord                  Hex            #.........   100%        8
 Disjunction              Tloc           #.........   100%        8
 Ignition                 Fire           #.........   100%        8
 Lehudib's Crystal Spear  Conj/Erth      #.........   100%        8
 Absolute Zero            Ice            #.........   100%        9
 Dragon's Call            Summ           #####.....   100%        9
 Fire Storm               Conj/Fire      #.........   100%        9
 Shatter                  Erth           #.........   100%        9
 Tornado                  Air            ####......   100%        9
 Beastly Appendage        Tmut           Unusable     N/A         1
 Wereblood                Tmut           Unusable     N/A         2
 Spider Form              Tmut/Pois      Unusable     N/A         3
 Ice Form                 Ice/Tmut       Unusable     N/A         4
 Blade Hands              Tmut           Unusable     N/A         5
 Hydra Form               Tmut           Unusable     N/A         6
 Statue Form              Tmut/Erth      Unusable     N/A         6
 Dragon Form              Tmut           Unusable     N/A         7

Dungeon Overview and Level Annotations

Branches:
Dungeon (15/15)            Temple (1/1) D:5            Lair (6/6) D:8
 Shoals (4/4) Lair:3        Snake (4/4) Lair:4        Slime (0/5) Lair:5
    Orc (2/2) D:12            Elf (3/3) Orc:2        Vaults (5/5) D:13
  Crypt (3/3) Vaults:2       Tomb (0/3) Crypt:3      Depths (5/5) D:15
    Zot (5/5) Depths:5      IceCv (visited)         Volcano (visited)
Gauntlet (visited)

Altars:
Ashenzari
Cheibriados
Dithmenos
Elyvilon
Fedhas
Gozag
Hepliaklqana
Kikubaaqudgha
Makhleb
Nemelex Xobeh
Okawaru
Qazlal
Ru
Sif Muna
Trog
Uskayaw
Vehumet
Wu Jian
Xom
Yredelemnul
Zin
The Shining One
Beogh

Shops:
D:5 ?   D:9 ?   D:11 [?   Orc:2 :!?(   Elf:2 [*[*   Snake:1 ?   Snake:2 [
Snake:3 }=}   Snake:4 =   Vaults:5 ?   Depths:1 *

Portals:
Hell: Depths:1 Depths:2 Depths:3 Depths:4 Depths:5
Abyss: Depths:1 Depths:2 Depths:4 Depths:5
Pandemonium: Depths:3

Annotations:
Lair:5 exclusion: 2 oklob plants
Elf:2 5 runed translucent doors
Vaults:2 Mennas


Innate Abilities, Weirdness & Mutations

You do not drink.
Your flesh is vulnerable to fire.
You are immune to poison.
Your flesh is cold resistant. (rC+)
You are immune to negative energy. (rN+++)
You are immune to unholy pain and torment.
You can survive without breathing.
You are strongly in touch with the powers of death.


Message History

Okay, then.
A soul eater, a monstrous demonspawn and a black sun come into view.
The monstrous demonspawn shouts!
You deal a card...
You have dealt the Storm.
A mighty gale blasts forth from the card!
The soul eater is blown away by the wind.
The electrical discharge engulfs the soul eater!!!
The soul eater is severely wounded.
The electrical discharge engulfs the soul eater!!!
You kill the soul eater!
You hear violent peals of thunder!
You deal a card...
You have dealt Wild Magic.
Nothing appears to happen.
You deal a card...
You have dealt Degeneration.
Nothing appears to happen.
You deal a card...
You have dealt Vitriol.
Really target yourself?
Okay, then.
Really abort (and waste the card)? [Y]es or [N]o only, please.
Really abort (and waste the card)? [Y]es or [N]o only, please.
Really abort (and waste the card)? [Y]es or [N]o only, please.
Really abort (and waste the card)? [Y]es or [N]o only, please.
Really abort (and waste the card)?
You feel a bit more experienced.
(D) Dungeon (T) Temple (L) Lair (A) Shoals (P) Snake Pit (M) Slime Pits (O) Orcish Mines (E) Elven Halls (V) Vaults (C) Crypt (W) Tomb (U) Depths (H) Hell (Z) Zot
Where to? (Enter - D:1 @ (x,y), ? - help)
A monstrous black sun is nearby!
The monstrous black sun mumbles some strange prayers to Kikubaaqudgha.
The monstrous black sun begins absorbing vital energies!
You draw a card...
You have drawn Degeneration.
The monstrous black sun evaporates and reforms as a minotaur!
The minotaur twists and deforms.
Unknown command.
You slice the minotaur!!
The minotaur is heavily wounded.
The minotaur hits you but does no damage.
The minotaur gores you but does no damage.
You slice the minotaur!!
The minotaur is almost dead.
The minotaur hits you but does no damage.
The minotaur closely misses you.
You barely miss the minotaur.
The minotaur furiously retaliates!
The minotaur headbutts you, but does no damage.
The minotaur is almost dead.
You barely miss the minotaur.
The minotaur is almost dead.
The minotaur barely misses you. The minotaur completely misses you.
You closely miss the minotaur.
The minotaur is almost dead.
The minotaur hits you but does no damage.
The minotaur completely misses you.
You closely miss the minotaur.
The minotaur is almost dead.
The minotaur closely misses you.
The minotaur gores you but does no damage.
You barely miss the minotaur.
The minotaur is almost dead.
You slash the minotaur!
The minotaur is almost dead.
The minotaur misses you. The minotaur completely misses you.
You slash the minotaur!
You kill the minotaur!
No target in view!
You see here a cursed +0 scale mail.
Magic restored.
There is a staircase leading out of the dungeon here.
Enter note: need to escape with all my friends You are a level 27 Mummy Gladiator.
I'm sorry, level 27 is as high as you can go.
With the way you've been playing, I'm surprised you got this far.
Play time: 04:08:06 (84179 turns)
You deal a card...
You have dealt the Pentagram.
You deal a card...
You have dealt Foxfire.
You deal a card...
You have dealt the Illusion.
Suddenly you stand beside yourself.
You deal a card...
You have dealt the Elements.
Unknown command.
Unknown command.
You deal a card...
You have dealt Foxfire.
You deal a card...
You have dealt Foxfire.
You deal a card...
You have dealt the Illusion.
You see a puff of smoke.
You deal a card...
You have dealt Foxfire.
Your vampire mosquito barely misses the wyvern.
Unknown command.
You deal a card...
You have dealt Foxfire.
You deal a card...
You have dealt the Illusion.
You see a puff of smoke.
You deal a card...
You have dealt the Pentagram.
You see a puff of smoke.
The deck of cards disappears without a trace.
Your vampire mosquito bites the wyvern.
Your vampire mosquito bites the wyvern but does no damage.
The wyvern bites your raiju.
Your wyvern bites the wyvern!
Your raiju bites the wyvern!
Your raiju shocks the wyvern!
The wyvern dies!
The wyvern's corpse disappears in a puff of smoke!
That deck is empty!
Unknown command.
You have escaped!

##########..## ##..##........
..##....##.#.## ##.#.!+........
..##....##.##.# #.##.##........
..##........#.## ##.##.##........
...>........#..###..##.##........
...#....######..#..###.##........
...#.........#ly#yR# #........###
..##....###.###l@y## #....)...#
..##......#.# #yM3# #........#
..###.#...#.###lhY## #........###
..# #.#...#.##.y#ly# #......####.
..# #.#...#.##..#..###......#....
..# #.###.#.#..###..##..)..#..###
..###.......#.## ##.##.......##
...#######.##.# #.##......##
.........#.#)## ##.#.....##
##.......#..#### ####...####


You could see a friendly rakshasa (summoned), a friendly sixfirhy (summoned), a
friendly raiju (summoned), a friendly basilisk (summoned), 3 friendly wyverns, 6
friendly vampire mosquitoes, a friendly ice beast (summoned) and the friendly
hyperwheals's illusion (summoned).

Vanquished Creatures
  3 ancient liches (Depths:4 Vaults:5 Zot:5)
  An orb of fire (Depths:5)
  Mara (Shoals:3)
  Boris (thrice) (Vaults:2 Depths:1 Depths:5)
  3 Killer Klowns (Zot:5)
  Margery (Vaults:5)
  Saint Roka (Vaults:3)
  A caustic shrike (Depths:4)
  14 golden dragons (Depths:3 Depths:5 Vaults:5 Zig:4 Zig:5)
  A profane servitor (Crypt:3)
  3 bone dragons (Depths:4 Crypt:3)
  An electric golem (Zot:5)
  An iron giant (Zig:2)
  13 Orb Guardians (Zot:5 Zot:4)
  18 tentacled monstrosities (Vaults:5 Depths:5 Zot:1 Zot:2 Zot:3)
  4 quicksilver dragons (Vaults:4 Vaults:5 Zig:5)
  7 liches (Vaults:2 Depths:1 Depths:2 Depths:4 Crypt:3)
  2 deep elf master archers (Elf:3)
  5 titans (Vaults:5 Zig:1)
  The ghost of Decrayps the Ninja, a veteran FeEn of Elyvilon (Zot:5)
  2 deep elf blademasters (Elf:3)
  3 ancient champions (Crypt:1 Crypt:2 Crypt:3)
  Polyphemus (Shoals:3)
  Frances (Elf:1)
  12 death cobs (Depths:5 Zot:2 Zot:3 Zot:4 Zot:5)
  5 tengu reavers (Depths:3 Depths:4 Depths:5 Crypt:1)
  3 sphinxes (Depths:4 Depths:5 Vaults:5)
  8 storm dragons (Depths:4 Depths:5 Vaults:5 Zot:2 Zot:4)
  Donald (Vaults:3)
  3 revenants (Crypt:1 Crypt:2 Crypt:3)
  2 draconian monks (Zot:3)
  9 shadow dragons (Depths:4 Vaults:5 Zot:4 Zot:5)
  9 fire giants (Vaults:4 Depths:1 Depths:3 Depths:4)
  Aizul (Crypt:1)
  An orc warlord (Orc:1)
  8 draconian scorchers (Depths:5 Zot:3)
  A ghost moth (Zot:3)
  5 deep elf sorcerers (Elf:1 Elf:3 Vaults:5)
  7 nagarajas (Snake:3 Snake:4)
  A cacodemon (Depths:3)
  5 draconian knights (Depths:5 Zot:3 Zot:4)
  7 frost giants (IceCv Shoals:3 Vaults:5)
  18 vault wardens (Vaults:1 Vaults:2 Vaults:3 Vaults:4 Vaults:5)
  5 deep elf elementalists (Elf:3 Vaults:5)
  2 curse skulls (Vaults:1 Crypt:1)
  4 draconian shifters (Depths:5 Zot:1 Zot:2 Zot:3)
  Louise (Depths:2)
  A ghoul (Crypt:1)
  3 draconian stormcallers (Zot:3 Zot:4)
  16 ironheart preservers (Vaults:1 Vaults:2 Vaults:3 Vaults:4 Vaults:5)
  A draconian annihilator (Zot:4)
  2 war gargoyles (Vaults:5)
  10 vampire knights (Depths:1 Depths:2 Depths:4 Crypt:1 Crypt:2)
  22 stone giants (Vaults:2 Vaults:3 Vaults:4 Depths:1 Depths:3)
  2 spriggan defenders (Depths:4)
  20 very ugly things (D:14 Vaults:3 Depths:1 Depths:2 Depths:3)
  An entropy weaver (Vaults:2)
  5 deep elf demonologists (Elf:3 Vaults:5)
  2 dire elephants (Depths:2)
  7 purple draconians (Depths:5 Zot:3 Zot:4 Zot:5)
  4 green draconians (Depths:5 Zot:3 Zot:4)
  A minotaur (D:1)
  6 red draconians (Depths:5 Zot:3)
  7 black draconians (Depths:5 Zot:1 Zot:3 Zot:4)
  3 white draconians (Zot:3 Zot:4 Zot:5)
  12 deep elf annihilators (Vaults:3 Elf:3 Vaults:5)
  3 yellow draconians (Depths:5 Zot:3)
  A spark wasp (Depths:1)
  2 eidola (Vaults:2 Crypt:2)
  15 ettins (Vaults:2 Vaults:4 Depths:1 Depths:2 Depths:3)
  18 jiangshi (Crypt:1 Crypt:3)
  8 merfolk javelineers (Shoals:1 Shoals:3 Shoals:4 Depths:3)
  9 deep elf death magi (Crypt:2 Crypt:3 Elf:1 Elf:3)
  A quicksilver dragon zombie (Crypt:2)
  14 fire dragons (Vaults:1 Vaults:2 Vaults:3 Vaults:4 Depths:1)
  3 deep elf high priests (Depths:3 Elf:3 Vaults:5)
  18 yaktaur captains (Vaults:1 Vaults:2 Vaults:3 Depths:1 Depths:5)
  The ghost of Junaliek the Protected, a journeyman MiFi of Okawaru (Lair:2)
  12 merfolk impalers (Shoals:1 Shoals:2 Shoals:3 Shoals:4 Depths:3)
  18 naga warriors (Snake:1 Snake:2 Snake:3 Snake:4)
  7 great orbs of eyes (Vaults:3 Depths:1 Depths:3 Depths:5 Vaults:5)
  7 boulder beetles (D:9 D:12 Vaults:2 Vaults:3 Vaults:4)
  Erolcha (Orc:2)
  A quicksilver dragon skeleton (Crypt:1)
  7 hydras (Lair:5 Lair:6 D:15)
  6 rakshasas (Vaults:1 Vaults:2 Vaults:3 Depths:1 Depths:2)
  3 spriggan air magi (Depths:1 Depths:5)
  2 monstrous demonspawn (Depths:3 D:1)
  7 ice dragons (Lair:6 D:15 Depths:1 Depths:3 Depths:4)
  39 vault guards (D:13 Vaults:3 Vaults:4 Vaults:5)
  3 catoblepae (Gauntlet Lair:6 Shoals:4)
  12 anacondas (Snake:1 Lair:4 Snake:2 Snake:3 Depths:1)
  3 satyrs (Shoals:2 Shoals:3)
  2 merfolk avatars (Shoals:1)
  Erica (Orc:1)
  12 centaur warriors (D:9 D:14 D:15 Vaults:1 Vaults:2)
  20 ogre magi (Orc:2 Vaults:1 Vaults:2 Vaults:3 Vaults:4)
  2 alligators (Lair:4 Lair:6)
  11 death yaks (Lair:3 Lair:5 IceCv Shoals:4)
  5 merfolk aquamancers (Shoals:1 Shoals:2 Shoals:3 Shoals:4)
  An alligator snapping turtle (Shoals:4)
  8 death knights (D:12 Crypt:1 Crypt:3 Vaults:5 Zig:4)
  7 tengu warriors (D:13 Depths:2 Depths:3 Depths:5)
  2 deep troll shamans (Depths:1)
  An orc high priest (Elf:2)
  13 dancing weapons (Elf:1 Elf:2 Elf:3)
  60 two-headed ogres (D:8 D:11 D:12 D:14 D:15)
  5 vampire magi (Depths:2 Crypt:1 Crypt:2)
  2 shock serpents (Snake:3)
  9 deep troll earth magi (D:12 Vaults:2 Vaults:3 Depths:1 Depths:3)
  Nergalle (Orc:2)
  13 deep elf knights (Vaults:1 Vaults:3 Elf:1 Elf:2 Elf:3)
  A titan zombie (Crypt:1)
  20 naga sharpshooters (Snake:1 Snake:2 Snake:3 Snake:4)
  3 soul eaters (Vaults:2 Crypt:1 D:1)
  4 spriggan berserkers (Depths:1 Depths:3 Depths:4)
  5 spriggans (Lair:2 Depths:4)
  A titan skeleton (Zig:3)
  A storm dragon zombie (Vaults:2)
  A sun demon (Depths:3)
  2 quicksilver dragon simulacra (Crypt:1 Crypt:2)
  A fire crab (Lair:5)
  7 shadow wraiths (Vaults:1 Vaults:3 Vaults:4 Crypt:3 Vaults:5)
  A golden dragon zombie (Crypt:2)
  A storm dragon skeleton (Crypt:3)
  A large abomination (Crypt:3)
  A salamander mystic (Snake:3)
  33 deep trolls (Snake:4 Vaults:1 Vaults:2 Vaults:3 Depths:1)
  33 skeletal warriors (D:12 D:15 Crypt:1 Crypt:2 Crypt:3)
  An unseen horror (shapeshifter) (Vaults:3)
  3 unseen horrors (D:10 D:11 Snake:4)
  11 flayed ghosts (Vaults:1 Vaults:2 Depths:1 Depths:2 Crypt:2)
  13 sea snakes (Snake:1 Shoals:1 Shoals:3 Shoals:4)
  An anaconda skeleton (Crypt:1)
  An infernal demonspawn (Depths:3)
  11 ironbrand convokers (Vaults:2 Vaults:3 Vaults:4 Vaults:5)
  A swamp dragon (Zig:5)
  5 naga ritualists (Lair:4 Snake:1 Snake:2 Snake:4)
  9 deep elf archers (Vaults:4 Elf:1 Elf:2 Elf:3)
  3 glowing orange brains (Vaults:2 Depths:4 Depths:5)
  2 wizards (Vaults:2 Depths:2)
  10 necromancers (Lair:6 Vaults:2 Depths:2 Crypt:1 Crypt:2)
  7 harpies (D:12 Snake:4 Shoals:2 Shoals:4)
  A harpy (shapeshifter) (Vaults:4)
  2 lindwurms (Lair:5 Lair:6)
  14 orc knights (D:15 Vaults:1 Vaults:2 Vaults:3 Vaults:4)
  19 phantasmal warriors (D:12 Vaults:1 Depths:4 Crypt:1 Crypt:2)
  2 tengu skeletons (Vaults:2 Depths:2)
  2 fire giant zombies (Crypt:1 Zig:3)
  4 wolf spiders (D:15 Vaults:1 Vaults:3 Vaults:4)
  2 fauns (shapeshifter) (D:15 Depths:1)
  2 golden dragon skeletons (Crypt:1)
  7 orc sorcerers (Orc:2 Vaults:4)
  A shining eye (shapeshifter) (Depths:3)
  8 mana vipers (Lair:4 Snake:1 Snake:2 Snake:3 Snake:4)
  8 manticores (D:15 Shoals:1 Shoals:2 Shoals:3 Shoals:4)
  18 fauns (Shoals:2 Shoals:3)
  54 deep elf magi (D:12 D:13 D:14 Vaults:1 Vaults:3)
  2 mana vipers (shapeshifter) (Vaults:4 Depths:5)
  7 cyclopes (D:12 D:14 Orc:1 Vaults:1 Vaults:2)
  An oklob plant (Lair:6)
  2 stone giant zombies (Vaults:4 Depths:2)
  62 ugly things (D:11 D:13 D:14 D:15 Vaults:1)
  11 salamanders (D:15 Snake:1 Snake:2 Snake:3 Snake:4)
  A spectral ettin (Crypt:3)
  15 moths of wrath (Depths:5 Zot:3 Zot:4 Zot:5)
  10 merfolk sirens (Shoals:1 Shoals:2 Shoals:3 Shoals:4)
  Joseph (D:10)
  7 water nymphs (Shoals:1 Shoals:2 Shoals:4 Shoals:3)
  27 naga magi (Snake:1 Snake:2 Snake:3 Snake:4)
  29 black mambas (Lair:2 Lair:4 Lair:6 Snake:1 Snake:2)
  A toenail golem (Volcano)
  A dire elephant zombie (Crypt:1)
  17 vault sentinels (D:13 Vaults:1 Vaults:2 Vaults:3 Vaults:4)
  A water nymph (shapeshifter) (Vaults:4)
  21 elephants (Lair:3 Lair:4 Lair:5 Lair:6)
  A molten gargoyle (Volcano)
  4 guardian serpents (Snake:1 Snake:2 Snake:4)
  A shock serpent zombie (Crypt:1)
  6 torpor snails (Lair:6)
  A fire giant skeleton (Crypt:2)
  An orange demon (Depths:3)
  5 gargoyles (D:13 D:14 D:15)
  An ice statue (IceCv)
  3 centaur skeletons (D:14 D:15)
  13 cane toads (Lair:1 Lair:2 Lair:3 Lair:4 Lair:5)
  An emperor scorpion zombie (Crypt:1)
  A yaktaur (shapeshifter) (Depths:5)
  A rime drake (shapeshifter) (Vaults:1)
  A minotaur zombie (Gauntlet)
  3 rime drakes (Lair:5 Lair:6 IceCv)
  3 efreet (Volcano)
  13 komodo dragons (Lair:1 Lair:2 Lair:3 Lair:4 Lair:5)
  8 freezing wraiths (D:12 Vaults:1 Vaults:3 Vaults:4 Crypt:1)
  A redback zombie (D:13)
  34 yaktaurs (Vaults:1 Vaults:2 Vaults:3 Vaults:4 Depths:1)
  A hellwing (Depths:3)
  A spriggan skeleton (Depths:2)
  8 tengu conjurers (D:12 D:13 Depths:3 Depths:5)
  A ghost moth simulacrum (Crypt:1)
  A queen bee (D:10)
  A queen ant zombie (Crypt:2)
  A jumping spider (shapeshifter) (D:12)
  2 red devils (Depths:4 Zig:2)
  3 harpy zombies (Shoals:4)
  A meliai (shapeshifter) (D:14)
  4 tyrant leeches (Lair:6)
  10 wind drakes (Shoals:1 Shoals:2 Shoals:4 Shoals:3)
  5 trolls (D:14 D:15 Orc:2 Vaults:4)
  A merfolk (shapeshifter) (Vaults:5)
  29 merfolk (D:10 Shoals:1 Shoals:2 Shoals:3 Shoals:4)
  A jumping spider zombie (Crypt:2)
  A shadow dragon simulacrum (Vaults:3)
  27 polar bears (Lair:3 Lair:6 IceCv Vaults:4)
  A hornet (shapeshifter) (Snake:2)
  A hydra skeleton (Crypt:1)
  23 dream sheep (Lair:4 Lair:5 Lair:6 D:9)
  5 raiju (Lair:6)
  18 hornets (D:7 D:8 Lair:2 Gauntlet Lair:6)
  3 blink frogs (Lair:4)
  34 slime creatures (D:12 D:15 Vaults:1 Vaults:2 Vaults:3)
  12 snapping turtles (Shoals:1 Shoals:2 Shoals:3 Shoals:4)
  A fire giant simulacrum (Vaults:4)
  12 shadows (Gauntlet D:9 D:11 D:12 Crypt:3)
  A redback (Vaults:2)
  A fire dragon skeleton (Crypt:2)
  39 flying skulls (Crypt:3)
  A spriggan (shapeshifter) (Vaults:3)
  3 wyverns (Lair:4 Lair:6)
  2 vampires (D:13)
  2 air elementals (Elf:2 Elf:3)
  6 wraiths (D:12 Vaults:1 Crypt:1 Crypt:3 Zig:3)
  3 basilisks (Lair:2 Lair:5 Lair:6)
  12 water elementals (Shoals:2 Shoals:3 Depths:2 Depths:3)
  2 small abominations (Crypt:3)
  77 yaks (Lair:1 Lair:2 Lair:4 Lair:5 Lair:6)
  5 fire elementals (Volcano Elf:1 Elf:2)
  2 steam dragons (D:7 D:9)
  A catoblepas simulacrum (Crypt:3)
  4 vampire mosquitoes (D:12)
  14 wargs (Lair:6 D:15 Orc:2 Vaults:2 Vaults:3)
  43 nagas (Lair:4 Snake:1 Snake:2 Snake:3 Snake:4)
  A soldier ant (D:13)
  2 acid dragons (Lair:2 D:15)
  21 water moccasins (D:5 Lair:1 Lair:2 Lair:3 Lair:4)
  A two-headed ogre skeleton (Crypt:1)
  27 nameless horrors (Snake:1 Snake:4 Shoals:2 Shoals:3 Crypt:3)
  11 hell hounds (Lair:6 Zig:2)
  2 hornet zombies (D:8 D:15)
  An orc zombie (Vaults:2)
  25 orc warriors (D:7 D:9 D:11 D:12 D:15)
  3 phantoms (D:5 D:6 D:14)
  13 black bears (D:7 Lair:4 Lair:6 D:9)
  An ice dragon simulacrum (Crypt:1)
  A cane toad skeleton (Crypt:1)
  12 ice beasts (D:7 D:8 D:9 D:11 D:15)
  An eye of draining (D:8)
  3 sky beasts (D:7 D:10 D:13)
  2 snapping turtle zombies (Crypt:1)
  10 necrophages (D:6 D:7 D:10 D:13 Crypt:3)
  47 ogres (D:8 D:9 D:11 D:14 Orc:1)
  20 boggarts (D:12 Vaults:1 Vaults:2 Vaults:3 Depths:1)
  2 manticore zombies (Shoals:4 Crypt:1)
  70 wolves (Lair:2 Lair:1 Lair:6 IceCv)
  21 centaurs (D:5 D:7 D:8 Lair:3 D:9)
  A manticore skeleton (Crypt:2)
  3 big kobolds (D:8 D:13)
  Blork the orc (D:5)
  18 bullfrogs (D:6 D:7 D:8 Lair:2 Lair:5)
  A glowing shapeshifter simulacrum (Vaults:2)
  A cane toad simulacrum (Lair:2)
  6 earth elementals (Volcano Elf:1 Elf:2 Elf:3)
  An elf skeleton (Crypt:1)
  2 human zombies (Vaults:2 Vaults:4)
  A yaktaur skeleton (Crypt:1)
  A scorpion (D:10)
  A wyvern skeleton (D:10)
  4 killer bees (D:10)
  15 wights (D:8 D:11 D:13 D:15)
  A howler monkey (D:8)
  8 electric eels (Lair:1 Lair:4 Snake:1)
  3 bullfrog zombies (D:6 Crypt:1)
  2 crimson imps (Depths:3)
  9 hounds (D:3 D:4 D:6 D:9 D:10)
  18 orc priests (D:4 D:8 D:7 D:9 D:11)
  2 water moccasin simulacra (Lair:2)
  3 centaur zombies (D:6 D:14 D:15)
  6 jellies (D:8 D:9 D:10 D:12 D:13)
  3 quasits (Depths:3)
  5 bullfrog skeletons (D:9 D:11 D:12 Crypt:1)
  A wyvern simulacrum (D:14)
  A gnoll shaman (D:5)
  An iron imp (Depths:3)
  37 orc wizards (D:4 D:3 D:5 D:7 D:9)
  13 human skeletons (Vaults:1 Depths:2)
  5 worker ants (D:5 D:7 D:13)
  3 iguanas (D:6 D:8 D:10)
  3 polar bear simulacra (Lair:6)
  4 wolf simulacra (Lair:6)
  2 yak simulacra (Lair:6)
  2 killer bee zombies (D:7 Crypt:1)
  2 bullfrog simulacra (Lair:2 D:12)
  A naga skeleton (Crypt:2)
  An ogre skeleton (Crypt:2)
  3 hound zombies (D:3 D:6 D:9)
  A hound skeleton (D:10)
  5 gnolls (D:5 D:7)
  18 adders (D:2 D:3 D:4 D:7 D:8)
  A howler monkey skeleton (D:9)
  A shadow imp (D:10)
  2 white imps (Depths:3)
  An ufetubus (D:7)
  An ooze (D:2)
  A halfling zombie (Crypt:2)
  A worm (D:2)
  A dart slug (D:2)
  7 leopard geckos (D:4 D:6 D:7 D:8 D:9)
  97 orcs (D:4 D:3 D:5 D:7 D:9)
  A ball python (shapeshifter) (Depths:4)
  9 bats (D:1 D:2 D:3)
  8 giant cockroaches (D:1 D:2 D:4)
  5 goblins (D:1 D:3)
  7 hobgoblins (D:1 D:2 D:3)
  6 jackals (D:2 D:10)
  15 kobolds (D:1 D:2 D:8 D:13)
  8 quokkas (D:2 D:3 D:6 D:7 D:8)
  2 ball pythons (D:3 Snake:1)
  3 frilled lizards (D:1 D:2 D:4)
  A gnoll skeleton (Crypt:2)
  A jackal skeleton (D:7)
  A leopard gecko skeleton (D:4)
  A quokka skeleton (D:6)
  A quokka zombie (D:6)
  13 rats (D:1 D:2 D:3)
  2 river rat simulacra (Lair:6)
  5 crawling corpses (Elf:3)
  5 fire vortices (Volcano Depths:4)
2535 creatures vanquished.

Vanquished Creatures (collateral kills)
  An orb of fire (Zot:4)
  2 ancient liches (Zot:5)
  Sojobo (Crypt:1)
  Boris (Crypt:3)
  Nikola (Elf:3)
  Jory (Vaults:2)
  4 Orb Guardians (Zot:5)
  2 storm dragons (Zot:3 Zot:4)
  A tengu reaver (Crypt:1)
  A shadow dragon (Zot:4)
  A nagaraja (Snake:4)
  Ilsuiw (Shoals:4)
  A frost giant (Depths:3)
  2 vault wardens (Vaults:2 Vaults:5)
  A ghoul (Crypt:3)
  2 ironheart preservers (Vaults:1 Vaults:4)
  A stone giant (Vaults:2)
  A purple draconian (Zot:5)
  A minotaur (Gauntlet)
  An ettin (Vaults:5)
  2 fire dragons (Lair:2 Zig:5)
  A jiangshi (Crypt:3)
  A merfolk impaler (Shoals:3)
  A deep elf high priest (Depths:3)
  A hydra (Lair:6)
  An ogre mage (Vaults:2)
  2 merfolk aquamancers (Shoals:1 Shoals:4)
  A death yak (Lair:5)
  2 hell knights (Crypt:3 Vaults:5)
  2 naga sharpshooters (Snake:4)
  5 skeletal warriors (D:12 Crypt:3)
  A deep troll (Depths:3)
  A sea snake (Shoals:3)
  A flayed ghost (Crypt:3)
  A naga ritualist (Snake:4)
  A glowing orange brain (Snake:4)
  A wolf spider (Lair:2)
  A large abomination (Crypt:3)
  A harpy (Shoals:2)
  2 necromancers (Crypt:3 Vaults:5)
  A deep elf mage (Vaults:4)
  A nameless horror (Crypt:3)
  A phantasmal warrior (Crypt:3)
  An ugly thing (Depths:1)
  A mana viper (Snake:4)
  A faun (Shoals:3)
  2 merfolk sirens (Shoals:4)
  A black mamba (Snake:4)
  A water nymph (Shoals:3)
  5 naga magi (Snake:4)
  A vault sentinel (Vaults:4)
  A cane toad (Lair:2)
  A freezing wraith (Crypt:3)
  A rime drake (Lair:2)
  3 komodo dragons (Lair:2 Lair:4 Lair:6)
  4 merfolk (Shoals:3 Shoals:4)
  A snapping turtle (Shoals:3)
  6 flying skulls (Crypt:3)
  2 water elementals (Shoals:3)
  A wraith (Crypt:3)
  3 yaks (Lair:5 Lair:6 D:12)
  A golden eye (Snake:4)
  2 nagas (Snake:4)
  A water moccasin (Lair:2)
  2 orc warriors (Vaults:3 Vaults:4)
  A swamp drake (Zig:5)
  2 black bears (Lair:2)
  A necrophage (Crypt:3)
  An ogre (Vaults:1)
  2 wolves (Lair:2)
  An earth elemental (Volcano)
  A bullfrog (Lair:2)
  A cane toad simulacrum (Lair:2)
  A water moccasin zombie (D:12)
  A yak simulacrum (Lair:2)
  6 orcs (Vaults:3 Vaults:4)
119 creatures vanquished.

Vanquished Creatures (others)
  A death yak (Shoals:4)
  A deep troll earth mage (Depths:5)
  A deep elf mage (Vaults:5)
  An ugly thing (Depths:1)
  A tengu conjurer (Depths:5)
  4 dream sheep (D:9)
  A naga (Snake:2)
  A black bear (Lair:6)
  An orc warrior (Vaults:3)
  An ogre (Depths:3)
  An orc wizard (D:13)
  An adder (D:8)
  3 orcs (Orc:2 Vaults:4 Elf:2)
  3 bushes (D:6 Lair:2 D:13)
  2 fire vortices (Volcano)
  47 fungi (Lair:2 Lair:3 Lair:5 Gauntlet Lair:6)
  146 plants (D:6 Lair:1 Lair:2 Lair:3 Lair:4)
  4 toadstools (D:12)
220 creatures vanquished.

Grand Total: 2874 creatures vanquished

Notes
Turn   | Place    | Note
-------+----------+-------------------------------------------
     0 | D:1      | hyperwheals the Mummy Gladiator began the quest for the
                  | Orb.
     0 | D:1      | Reached XP level 1. HP: 16/16 MP: 1/1
     0 | D:1      | @:what a char
    12 | D:1      | @:well that's a good start
   256 | D:1      | Reached XP level 2. HP: 22/22 MP: 2/2
   788 | D:2      | Reached XP level 3. HP: 27/27 MP: 3/3
   932 | D:2      | Found a sparkling altar of Nemelex Xobeh.
   940 | D:2      | @:intriguing offer
   940 | D:2      | Became a worshipper of Nemelex Xobeh the Trickster
  1120 | D:2      | Found a sparkling altar of Nemelex Xobeh.
  1121 | D:2      | Found an opulent altar of Gozag.
  1283 | D:2      | Reached XP level 4. HP: 25/33 MP: 4/4
  1402 | D:3      | Found a faded altar of an unknown god.
  1590 | D:3      | Reached XP level 5. HP: 38/38 MP: 5/5
  1781 | D:3      | Reached * piety under Nemelex Xobeh
  1821 | D:3      | Found a broken altar of Ashenzari.
  2149 | D:4      | Reached skill level 5 in Staves
  2231 | D:4      | Got an ancient steel ring
  2236 | D:4      | Identified the ring "Ameg" {Ice Slay+3} (You found it on
                  | level 4 of the Dungeon)
  2473 | D:3      | Reached XP level 6. HP: 33/44 MP: 6/6
  2734 | D:4      | Received a gift from Nemelex Xobeh
  3206 | D:5      | Entered Level 5 of the Dungeon
  3309 | D:5      | Found an iron altar of Okawaru.
  3365 | D:5      | Reached ** piety under Nemelex Xobeh
  3375 | D:5      | Found a glowing silver altar of Zin.
  3375 | D:5      | Noticed a water moccasin
  3380 | D:5      | Killed a water moccasin
  3476 | D:5      | Received a gift from Nemelex Xobeh
  3491 | D:5      | Reached XP level 7. HP: 45/50 MP: 7/7
  3530 | D:5      | Found a staircase to the Ecumenical Temple.
  3588 | Temple   | Entered the Ecumenical Temple
  3744 | D:5      | Found Raganeth's Magic Scroll Emporium.
  3747 | D:5      | Bought a scroll of teleportation for 36 gold pieces
  3747 | D:5      | Bought a scroll of teleportation for 36 gold pieces
  3770 | D:5      | Found a sacrificial altar of Ru.
  3900 | D:5      | Noticed Blork the orc
  3905 | D:5      | Killed Blork the orc
  4192 | D:6      | Reached XP level 8. HP: 50/56 MP: 8/8
  4460 | D:6      | Received a gift from Nemelex Xobeh
  4650 | D:6      | Found a glowing golden altar of the Shining One.
  4835 | D:6      | Found a blossoming altar of Fedhas.
  5337 | D:7      | Reached *** piety under Nemelex Xobeh
  5352 | D:7      | Noticed a hornet
  5366 | D:7      | Killed a hornet
  5366 | D:7      | Reached skill level 10 in Staves
  5503 | D:7      | Reached XP level 9. HP: 61/61 MP: 9/9
  5616 | D:7      | Received a gift from Nemelex Xobeh
  6079 | D:8      | Found a staircase to the Lair.
  6079 | D:8      | Noticed a two-headed ogre
  6887 | D:8      | Killed a two-headed ogre
  7086 | D:8      | Reached XP level 10. HP: 43/67 MP: 10/10
  7220 | D:8      | Received a gift from Nemelex Xobeh
  7249 | D:8      | Got an encrusted chain mail
  7306 | D:8      | Identified the +13 chain mail of Honour {SInv} (You found
                  | it on level 8 of the Dungeon)
  7306 | D:8      | @:im homoured to wear this
  7328 | D:8      | Found a burning altar of Makhleb.
  7630 | Lair:1   | Entered Level 1 of the Lair of Beasts
  7689 | Lair:1   | Noticed a cane toad
  7701 | Lair:1   | Killed a cane toad
  7768 | Lair:1   | Noticed a cane toad
  7795 | Lair:1   | Killed a cane toad
  8072 | D:5      | Bought a scroll of remove curse for 36 gold pieces
  8072 | D:5      | Bought a scroll of remove curse for 36 gold pieces
  8072 | D:5      | Bought a scroll of identify for 24 gold pieces
  8196 | Lair:1   | Noticed a cane toad
  8216 | Lair:1   | Killed a cane toad
  8245 | Lair:1   | Reached **** piety under Nemelex Xobeh
  8275 | Lair:1   | Received a gift from Nemelex Xobeh
  8304 | Lair:1   | Noticed a cane toad
  8331 | Lair:1   | Killed a cane toad
  8771 | Lair:2   | Noticed a cane toad
  8818 | Lair:2   | Received a gift from Nemelex Xobeh
  8903 | Lair:2   | Found a runed translucent gate.
  8911 | Lair:2   | Found a runed translucent gate.
  8911 | Lair:2   | Found a runed translucent gate.
  8911 | Lair:2   | Noticed a black mamba
  8935 | Lair:2   | Killed a black mamba
  8935 | Lair:2   | Reached XP level 11. HP: 72/72 MP: 11/11
  8941 | Lair:2   | Noticed a spriggan rider
  8971 | Lair:2   | Killed a spriggan rider
  8971 | Lair:2   | Reached skill level 1 in Invocations
  9100 | Lair:2   | Noticed an ice dragon
  9128 | Lair:2   | Noticed Junaliek's ghost (journeyman MiFi)
  9131 | Lair:2   | Noticed a wolf spider
  9131 | Lair:2   | an ice dragon changed into a wolf spider
  9147 | Lair:2   | Killed a wolf spider
  9159 | Lair:2   | Killed Junaliek's ghost
  9414 | Lair:1   | Reached skill level 5 in Fighting
  9713 | Lair:2   | Reached skill level 5 in Invocations
  9891 | Lair:2   | Reached XP level 12. HP: 89/89 MP: 16/16
 10091 | Lair:2   | Noticed a seven-headed hydra
 10096 | Lair:2   | Noticed a fire dragon
 10096 | Lair:2   | a seven-headed hydra changed into a fire dragon
 10097 | Lair:2   | @:and this is supposed to be an improvement
 10111 | Lair:2   | Killed a fire dragon
 10552 | Lair:3   | Found a dark tunnel.
 10566 | Lair:3   | Received a gift from Nemelex Xobeh
 10627 | Volcano  | Entered a volcano
 11980 | Lair:3   | Found a staircase to the Shoals.
 12287 | Lair:3   | Reached ***** piety under Nemelex Xobeh
 12287 | Lair:3   | Received a gift from Nemelex Xobeh
 12911 | Lair:4   | Noticed a death yak
 12911 | Lair:4   | Noticed a death yak
 12912 | Lair:4   | Noticed a death yak
 12914 | Lair:4   | Noticed a death yak
 12962 | Lair:3   | Killed a death yak
 12978 | Lair:3   | Killed a death yak
 13012 | Lair:3   | Killed a death yak
 13033 | Lair:3   | Killed a death yak
 13278 | Lair:4   | Reached skill level 10 in Fighting
 13308 | Lair:4   | Gained mutation: You are in touch with the powers of death.
                  | [Mummy growth]
 13308 | Lair:4   | Reached XP level 13. HP: 86/103 MP: 19/19
 13313 | Lair:4   | Received a gift from Nemelex Xobeh
 13706 | Lair:4   | Reached skill level 10 in Invocations
 13748 | Lair:4   | Found a staircase to the Snake Pit.
 13797 | Lair:4   | Reached skill level 1 in Armour
 14118 | Lair:5   | Received a gift from Nemelex Xobeh
 14268 | Lair:5   | Reached skill level 2 in Armour
 14284 | Lair:5   | Found a gate leading to a gauntlet.
 14293 | Gauntlet | Entered a Gauntlet
 14293 | Gauntlet | Found a transporter.
 14293 | Gauntlet | Found a transporter.
 14294 | Gauntlet | Found a transporter.
 14294 | Gauntlet | Found a transporter.
 14297 | Gauntlet | Found a transporter.
 14299 | Gauntlet | Found a transporter.
 14342 | Gauntlet | Found a transporter.
 14342 | Gauntlet | Found a transporter.
 14355 | Gauntlet | Found a transporter.
 14376 | Gauntlet | Found a transporter.
 14397 | Gauntlet | Found a transporter.
 14399 | Gauntlet | Found a transporter.
 14516 | Gauntlet | Identified the Disquisition on Calling
 14935 | Gauntlet | Identified the +8 morningstar of the Blessed Realm {vorpal,
                  | rF+ rC- rN++}
 14935 | Gauntlet | Identified the cursed +1 arbalest of Hyxtebof {elec, rElec
                  | rPois rF+++ MP-9}
 14935 | Gauntlet | Noticed a minotaur
 14946 | Gauntlet | Killed a minotaur
 14946 | Gauntlet | Reached skill level 5 in Dodging
 14987 | Gauntlet | @:yesss
 15027 | Lair:5   | Reached skill level 3 in Armour
 15190 | Lair:5   | Received a gift from Nemelex Xobeh
 15314 | Lair:5   | Reached skill level 4 in Armour
 15504 | Lair:5   | Received a gift from Nemelex Xobeh
 15579 | Lair:5   | Got a jewelled leather armour
 15590 | Lair:5   | Identified the +1 leather armour of Yesterday {-Tele rC+
                  | MR++ Slay+5} (You found it on level 5 of the Lair of
                  | Beasts)
 15877 | Lair:5   | Found a staircase to the Slime Pits.
 15998 | Lair:6   | Entered Level 6 of the Lair of Beasts
 16272 | Lair:5   | Reached XP level 14. HP: 113/113 MP: 16/21
 16367 | Lair:5   | Reached skill level 5 in Armour
 17308 | Lair:6   | Reached skill level 6 in Armour
 17352 | Lair:6   | Got a crystal fustibalus
 17353 | Lair:6   | Identified the +8 fustibalus "Zepnea" {speed, rElec rPois
                  | rF- Str+7 SInv} (You found it on level 6 of the Lair of
                  | Beasts)
 17354 | Lair:6   | @:yoinks skoob
 17508 | Lair:6   | Received a gift from Nemelex Xobeh
 18110 | Lair:6   | Reached ****** piety under Nemelex Xobeh
 18494 | Lair:6   | Found a runed translucent door.
 18625 | Lair:6   | Reached skill level 7 in Armour
 18980 | Lair:6   | Identified a scroll of acquirement
 18981 | Lair:6   | Acquired the amulet "Dups" {RegenMP rC+ Str+8 Dex+5}
 19202 | D:9      | Found Niofod's Magic Scroll Shop.
 19264 | D:9      | Bought a scroll of teleportation for 36 gold pieces
 19264 | D:9      | Bought a scroll of enchant weapon for 90 gold pieces
 19264 | D:9      | Bought a scroll of enchant weapon for 90 gold pieces
 19264 | D:9      | Bought a scroll of blinking for 90 gold pieces
 19264 | D:9      | Bought a scroll of teleportation for 36 gold pieces
 19264 | D:9      | Bought a scroll of blinking for 90 gold pieces
 19264 | D:9      | Bought a scroll of summoning for 114 gold pieces
 19291 | D:9      | Found an ornate altar of the Wu Jian Council.
 19292 | D:9      | Found a transporter.
 19319 | D:9      | Found a transporter.
 19442 | D:9      | Found a shimmering altar of Xom.
 19444 | D:9      | Reached XP level 15. HP: 117/123 MP: 22/22
 19489 | D:9      | Received a gift from Nemelex Xobeh
 19544 | D:9      | Found an ancient bone altar of Kikubaaqudgha.
 19632 | D:9      | Found a white marble altar of Elyvilon.
 19632 | D:9      | Found a stormy altar of Qazlal.
 19644 | D:10     | Entered Level 10 of the Dungeon
 19648 | D:10     | Noticed Sonja
 19649 | D:10     | Noticed Sonja
 19649 | D:10     | Sonja changed into Sonja the salamander
 19650 | D:10     | Noticed Sonja
 19650 | D:10     | Sonja the salamander changed into Sonja the queen bee
 19657 | D:10     | Killed Sonja the queen bee
 19859 | D:10     | Received a gift from Nemelex Xobeh
 19972 | D:10     | Noticed Joseph
 19981 | D:10     | Killed Joseph
 20193 | D:10     | Learned a level 1 spell: Apportation
 20240 | D:11     | Found Rienwici's Magic Scroll Shoppe.
 20259 | D:11     | Bought a scroll of teleportation for 45 gold pieces
 20277 | D:11     | Found Itwoti's Specialty Armours.
 20355 | D:11     | Found a shadowy altar of Dithmenos.
 20363 | D:11     | Received a gift from Nemelex Xobeh
 20978 | D:12     | Reached skill level 8 in Armour
 21096 | D:12     | HP: 3/124 [orc priest/divine providence (14)]
 21311 | D:12     | Received a gift from Nemelex Xobeh
 21513 | D:12     | Found a staircase to the Orcish Mines.
 21607 | D:12     | Received a gift from Nemelex Xobeh
 21879 | D:12     | Acquired a manual of Summonings
 21898 | D:13     | Reached skill level 1 in Summonings
 21912 | D:13     | Found a bloodstained altar of Trog.
 22343 | D:13     | Received a gift from Nemelex Xobeh
 22354 | D:13     | Found a gate to the Vaults.
 22367 | D:13     | Reached skill level 5 in Summonings
 22579 | D:13     | Found a basalt altar of Yredelemnul.
 22953 | D:14     | Received a gift from Nemelex Xobeh
 23144 | D:14     | Got a smelly plate armour
 23180 | D:14     | Identified the cursed +1 plate armour "Beerrawk" {Dex+5}
                  | (You found it on level 14 of the Dungeon)
 23410 | D:14     | Reached skill level 10 in Summonings
 23488 | D:15     | Entered Level 15 of the Dungeon
 23610 | D:15     | Reached XP level 16. HP: 35/131 MP: 23/23
 23750 | D:15     | Found a frozen archway.
 23833 | IceCv    | Entered an ice cave
 24420 | IceCv    | Found the +5 demon whip "Spellbinder" {antimagic, MR+}
 24701 | D:15     | Received a gift from Nemelex Xobeh
 24896 | D:15     | Reached skill level 9 in Armour
 24926 | D:15     | Found a staircase to the Depths.
 25009 | D:15     | Reached skill level 10 in Dodging
 25263 | D:15     | Found a sacrificial altar of Ru.
 25359 | Orc:1    | Entered Level 1 of the Orcish Mines
 25511 | Orc:1    | Received a gift from Nemelex Xobeh
 25711 | Orc:1    | Noticed Erica
 25717 | Orc:1    | Killed Erica
 25989 | Orc:2    | Entered Level 2 of the Orcish Mines
 26064 | Orc:2    | Received a gift from Nemelex Xobeh
 26171 | Orc:2    | Noticed Erolcha
 26188 | Orc:2    | Killed Erolcha
 26329 | Orc:2    | Found Tiekh's Book Shop.
 26349 | Orc:2    | Found an ancient bone altar of Kikubaaqudgha.
 26350 | Orc:2    | Noticed Nergalle
 26362 | Orc:2    | Killed Nergalle
 26367 | Orc:2    | Found Icsanis's Distillery.
 26370 | Orc:2    | @:holy crap batman
 26666 | Orc:2    | Found a radiant altar of Vehumet.
 26724 | Orc:2    | Found a roughly hewn altar of Beogh.
 26724 | Orc:2    | Found Xetz's Antique Weapon Shop.
 26747 | Orc:2    | Found Uroestre's Magic Scroll Boutique.
 26763 | Orc:2    | Bought a scroll of fog for 24 gold pieces
 26763 | Orc:2    | Bought a scroll of teleportation for 36 gold pieces
 26763 | Orc:2    | Bought a scroll of fog for 24 gold pieces
 26763 | Orc:2    | Bought a scroll of magic mapping for 42 gold pieces
 26763 | Orc:2    | Bought a scroll of teleportation for 36 gold pieces
 26779 | Orc:2    | Bought a smoking great mace for 379 gold pieces
 26942 | Orc:2    | Found a staircase to the Elven Halls.
 26986 | Orc:2    | Identified the +5 great mace of Hij Fiji {venom, rF+} (You
                  | bought it in a shop on level 2 of the Orcish Mines)
 27030 | Orc:2    | Bought a book of the Sky for 910 gold pieces
 27212 | Snake:1  | Entered Level 1 of the Snake Pit
 27213 | Snake:1  | Upgraded the game from 0.26-a0-661-g406de6ba63 to
                  | 0.26-a0-663-g36e8fdb655
 27218 | Snake:1  | Reached skill level 1 in Air Magic
 27501 | Snake:1  | Learned a level 4 spell: Summon Lightning Spire
 27577 | Snake:1  | Reached skill level 5 in Air Magic
 28278 | Snake:1  | Found Jerhiwor's Magic Scroll Emporium.
 28298 | Snake:1  | Bought a scroll of teleportation for 57 gold pieces
 28298 | Snake:1  | Bought a scroll of enchant armour for 142 gold pieces
 28298 | Snake:1  | Bought a scroll of teleportation for 57 gold pieces
 28298 | Snake:1  | Bought a scroll of fear for 66 gold pieces
 28298 | Snake:1  | Bought a scroll of teleportation for 57 gold pieces
 28298 | Snake:1  | Bought a scroll of fear for 66 gold pieces
 28298 | Snake:1  | Bought a scroll of magic mapping for 66 gold pieces
 28298 | Snake:1  | Bought a scroll of teleportation for 57 gold pieces
 28398 | Snake:1  | Reached XP level 17. HP: 113/140 MP: 24/24
 29246 | Snake:2  | Received a gift from Nemelex Xobeh
 29636 | Snake:2  | Reached skill level 10 in Air Magic
 29910 | Snake:2  | Received a gift from Nemelex Xobeh
 30115 | Snake:2  | Found Zenez's Antique Armour Shoppe.
 30123 | Snake:2  | Bought a cloak for 139 gold pieces
 30775 | Snake:3  | Received a gift from Nemelex Xobeh
 31026 | Snake:3  | Found Plog's Gadget Emporium.
 31026 | Snake:3  | Found Igiel's Jewellery Boutique.
 31028 | Snake:3  | Found Foutent's Gadget Emporium.
 31146 | Snake:3  | Received a gift from Nemelex Xobeh
 31725 | Snake:3  | Received a gift from Nemelex Xobeh
 31769 | Snake:4  | Entered Level 4 of the Snake Pit
 31790 | Snake:4  | Reached skill level 10 in Armour
 31866 | Snake:4  | Reached skill level 1 in Spellcasting
 32040 | Snake:4  | Reached skill level 5 in Spellcasting
 32525 | Snake:4  | Reached skill level 15 in Fighting
 32642 | Snake:4  | Identified the +5 executioner's axe of Painful Death
                  | {venom, *Drain rPois Int+3 Dex+8}
 33198 | Snake:4  | Found Owkegea's Jewellery Boutique.
 33253 | Snake:4  | Reached XP level 18. HP: 121/149 MP: 25/25
 33770 | Snake:4  | Reached skill level 11 in Armour
 33794 | Snake:4  | Received a gift from Nemelex Xobeh
 33934 | Snake:4  | Got a serpentine rune of Zot
 34247 | Shoals:1 | Entered Level 1 of the Shoals
 34961 | Shoals:1 | Received a gift from Nemelex Xobeh
 35971 | Shoals:2 | Received a gift from Nemelex Xobeh
 36656 | Shoals:3 | Reached skill level 12 in Armour
 37236 | Shoals:3 | @:oh im marked
 37250 | Shoals:3 | Noticed Mara
 37422 | Shoals:3 | Received a gift from Nemelex Xobeh
 37486 | Shoals:3 | Noticed hyperwheals's illusion
 37486 | Shoals:3 | Killed Mara
 38216 | Shoals:4 | Entered Level 4 of the Shoals
 38243 | Shoals:4 | Noticed Polyphemus
 38266 | Shoals:3 | Killed Polyphemus
 38267 | Shoals:3 | @:score one for nobody
 38471 | Shoals:4 | Received a gift from Nemelex Xobeh
 38499 | Shoals:4 | Reached XP level 19. HP: 145/161 MP: 27/27
 38526 | Shoals:4 | Noticed Ilsuiw
 38707 | Shoals:4 | Killed Ilsuiw
 38847 | Shoals:4 | Got a faintly glowing bronze ring
 38848 | Shoals:4 | Identified the ring "Idoedwaih" {+Inv rC+ MR+ MP+9 Dex+4}
                  | (You found it on level 4 of the Shoals)
 40229 | Shoals:4 | Received a gift from Nemelex Xobeh
 40285 | Shoals:4 | Got a barnacled rune of Zot
 40528 | Shoals:4 | Got a warped marble ring
 40529 | Shoals:4 | Identified the cursed ring "Illul" {rPois Str+2 Dex-4} (You
                  | found it on level 4 of the Shoals)
 40983 | Vaults:1 | Entered Level 1 of the Vaults
 41285 | Vaults:1 | Received a gift from Nemelex Xobeh
 41363 | Vaults:1 | HP: 4/161 [yaktaur[a yaktaur captain] (11)]
 41613 | Vaults:1 | Reached skill level 13 in Armour
 42449 | Vaults:1 | Received a gift from Nemelex Xobeh
 42607 | Vaults:1 | Received a gift from Nemelex Xobeh
 43121 | Vaults:2 | Received a gift from Nemelex Xobeh
 43185 | Vaults:2 | Noticed Mennas
 43474 | Vaults:2 | Received a gift from Nemelex Xobeh
 43474 | Vaults:2 | Noticed Jory
 43487 | Vaults:2 | Killed Jory
 44095 | Vaults:2 | Found a staircase to the Crypt.
 44182 | Vaults:2 | @:oh god not the beetles
 44560 | Vaults:2 | Reached XP level 20. HP: 38/171 MP: 29/29
 44995 | Vaults:2 | Received a gift from Nemelex Xobeh
 45470 | Vaults:2 | @:awkward
 45591 | Vaults:3 | Noticed Boris
 45985 | Vaults:2 | Reached skill level 14 in Armour
 47601 | Vaults:2 | Killed Boris
 48567 | Vaults:3 | Received a gift from Nemelex Xobeh
 48595 | Vaults:3 | Noticed Donald
 48599 | Vaults:3 | @:oh that's donald
 48838 | Vaults:3 | Received a gift from Nemelex Xobeh
 49161 | Vaults:3 | Killed Donald
 49164 | Vaults:3 | @:donald was kitted the fuck out
 49271 | Vaults:3 | Reached skill level 15 in Armour
 49346 | Vaults:3 | Received a gift from Nemelex Xobeh
 49427 | Vaults:3 | Noticed Saint Roka
 49456 | Vaults:3 | Killed Saint Roka
 50321 | Vaults:3 | Reached XP level 21. HP: 136/181 MP: 30/30
 50494 | Vaults:4 | Received a gift from Nemelex Xobeh
 50618 | Vaults:4 | HP: 9/182 [orc knight/+0 broad axe (18)]
 51346 | Vaults:4 | Reached skill level 20 in Fighting
 51603 | Vaults:4 | Reached skill level 16 in Armour
 51876 | Depths:1 | Entered Level 1 of the Depths
 51903 | Depths:1 | Received a gift from Nemelex Xobeh
 51910 | Depths:1 | Found Lesim's Serpentskin Sales.
 52305 | Depths:1 | Identified the +3 chain mail of Foolhardiness {*Drain MR+
                  | SInv}
 52410 | Depths:1 | Identified the +6 morningstar of Dismay {freeze, MR+}
 52945 | Depths:1 | Got a distressingly furry chain mail
 52963 | Depths:1 | Identified the +1 chain mail "Fuos" {MR++} (You found it on
                  | level 1 of the Depths)
 52963 | Depths:1 | @:bit of a downgrade
 53264 | Depths:1 | Noticed Boris
 53266 | Depths:1 | @:you again!!!
 53714 | Depths:1 | Found a gateway to Hell.
 53794 | Depths:1 | @:i knew you wereto blame for this boris
 53803 | Depths:1 | TerrariaFan: lol
 53831 | Depths:1 | Killed Boris
 54150 | Depths:1 | Found a one-way gate to the infinite horrors of the Abyss.
 54560 | Depths:1 | Reached skill level 17 in Armour
 54722 | Depths:1 | @:didnt expect that scroll to work tbh
 55262 | Depths:2 | Learned a level 6 spell: Shadow Creatures
 55299 | Depths:2 | Received a gift from Nemelex Xobeh
 55346 | Depths:2 | Reached XP level 22. HP: 175/190 MP: 31/31
 55601 | Depths:2 | Noticed Louise
 55602 | Depths:2 | @:appropriate
 55609 | Depths:2 | Killed Louise
 56064 | Depths:3 | Received a gift from Nemelex Xobeh
 56177 | Depths:3 | @:i just want to go shopping for gods sake
 56259 | Depths:3 | Found a flickering gateway to a bazaar.
 56338 | Bazaar   | Entered a bazaar
 56338 | Bazaar   | Found Ytywunki's Jewellery Emporium.
 56495 | Bazaar   | Found Bept's Antique Armour Emporium.
 56529 | Bazaar   | Found Koer Ydd's Jewellery Emporium.
 56563 | Bazaar   | Bought a runed plate armour for 546 gold pieces
 56573 | Bazaar   | @:MMM not bad
 56872 | Depths:3 | Got a masterwork hunting sling
 56892 | Depths:3 | Received a gift from Nemelex Xobeh
 57055 | Depths:3 | Found a one-way gate leading to the halls of Pandemonium.
 57125 | Depths:3 | Reached skill level 10 in Spellcasting
 57168 | Depths:3 | Noticed a golden dragon
 57187 | Depths:3 | Killed a golden dragon
 57193 | Depths:3 | Noticed a golden dragon
 57196 | Depths:3 | @:anutha one
 57212 | Depths:3 | Killed a golden dragon
 57225 | Depths:3 | Noticed a golden dragon
 57230 | Depths:3 | @:how many golden dragons
 57261 | Depths:3 | Killed a golden dragon
 57421 | Depths:3 | Reached skill level 1 in Evocations
 57479 | Depths:3 | Identified a +0 pair of boots of running (You found it on
                  | level 3 of the Depths)
 57734 | Depths:4 | Reached skill level 5 in Evocations
 57825 | Depths:4 | Noticed a golden dragon
 58070 | Depths:3 | Killed a golden dragon
 58749 | Depths:4 | Received a gift from Nemelex Xobeh
 58808 | Depths:4 | Reached XP level 23. HP: 164/196 MP: 37/37
 58835 | Depths:4 | Identified a +0 pair of boots of running (You found it on
                  | level 4 of the Depths)
 58846 | Depths:4 | @:two of a kind
 59222 | Depths:4 | Reached skill level 10 in Evocations
 59871 | Depths:5 | Entered Level 5 of the Depths
 59882 | Depths:4 | Paralysed by a lich for 2 turns
 61365 | Depths:5 | Acquired 825 gold pieces
 62562 | Depths:5 | Reached skill level 18 in Armour
 62683 | Depths:5 | Found a gateway to a ziggurat.
 62683 | Depths:5 | Received a gift from Nemelex Xobeh
 62791 | Depths:5 | Found a gate to the Realm of Zot.
 62921 | Depths:5 | Found a portal to a secret trove of treasure.
 62929 | Depths:5 | You paid a toll of 5 scrolls of blinking to enter a
                  | treasure trove
 62930 | Trove    | Entered a treasure trove
 62950 | Trove    | Got a bound granite ring
 62970 | Trove    | Got a slimy brass amulet
 63030 | Trove    | @:the classic stones in a trove
 63105 | Depths:5 | Noticed Boris
 63106 | Depths:5 | @:ya love to see it
 63142 | Depths:5 | Killed Boris
 63233 | Depths:4 | Noticed a caustic shrike
 63233 | Depths:4 | Noticed an ancient lich
 63249 | Depths:4 | Killed an ancient lich
 63275 | Depths:4 | Killed a caustic shrike
 63721 | Depths:4 | Identified the ring of Linearity {rC++ MP+9} (You found it
                  | in a treasure trove)
 63723 | Depths:4 | Identified the amulet of Telimos {RegenMP Int+3} (You found
                  | it in a treasure trove)
 63962 | Crypt:1  | Entered Level 1 of the Crypt
 64171 | Crypt:1  | Received a gift from Nemelex Xobeh
 64739 | Crypt:1  | Received a gift from Nemelex Xobeh
 64792 | Crypt:1  | Noticed Sojobo
 64819 | Crypt:1  | Identified the +2 executioner's axe of Hamoihui {vorpal,
                  | rElec rN+ Stlth-}
 64826 | Crypt:1  | Killed Sojobo
 64826 | Crypt:1  | Reached skill level 19 in Armour
 65425 | Crypt:1  | Reached XP level 24. HP: 187/204 MP: 37/37
 65494 | Crypt:1  | Noticed Aizul
 65514 | Crypt:1  | Killed Aizul
 65525 | Crypt:1  | Received a gift from Nemelex Xobeh
 66740 | Crypt:2  | Received a gift from Nemelex Xobeh
 66849 | Crypt:2  | Found a blossoming altar of Fedhas.
 66958 | Crypt:3  | Entered Level 3 of the Crypt
 67018 | Crypt:3  | Noticed Boris
 67019 | Crypt:3  | @:YOU AGAIN
 67197 | Crypt:3  | Killed Boris
 67254 | Crypt:3  | Reached skill level 20 in Armour
 67268 | Crypt:3  | Found an ancient bone altar of Kikubaaqudgha.
 67822 | Crypt:3  | Got a pair of crude boots
 67843 | Crypt:3  | Learned a level 5 spell: Summon Demon
 67853 | Crypt:3  | Identified the +1 pair of boots of Obirun Efry {Str+5} (You
                  | found it on level 3 of the Crypt)
 68144 | Crypt:3  | Got a shimmering spear
 68176 | Crypt:3  | Identified the +4 spear "Vuih Igu" {flame, +Rage rElec
                  | rPois} (You found it on level 3 of the Crypt)
 68325 | Crypt:3  | Identified the Compendium of Quantum Calling
 68357 | Crypt:3  | Learned a level 4 spell: Passage of Golubria
 68595 | Crypt:3  | Found a staircase to the Tomb.
 68596 | Crypt:3  | Noticed an ancient lich
 68943 | Crypt:3  | Banished an ancient lich
 69383 | Crypt:3  | Got a fading dagger
 69565 | Crypt:3  | Received a gift from Nemelex Xobeh
 69681 | Crypt:3  | Reached skill level 21 in Armour
 69946 | D:11     | Bought a scroll of enchant armour for 112 gold pieces
 69946 | D:11     | Bought a scroll of magic mapping for 52 gold pieces
 69946 | D:11     | Bought a scroll of summoning for 142 gold pieces
 70005 | Elf:1    | Entered Level 1 of the Elven Halls
 70025 | Elf:1    | Found a radiant altar of Vehumet.
 70136 | Elf:1    | Noticed Frances
 70156 | Elf:1    | Killed Frances
 70240 | Elf:1    | Received a gift from Nemelex Xobeh
 70704 | Elf:1    | Received a gift from Nemelex Xobeh
 70833 | Elf:1    | Identified the Papyrus of Supportive Attacks
 70915 | Elf:2    | Found Ginweull's Assorted Antiques.
 70948 | Elf:2    | Found Emiky's General Store.
 70948 | Elf:2    | Found Wur Ximp's Armour Shoppe.
 70954 | Elf:2    | Found Gudoamenn's Armour Emporium.
 71110 | Elf:2    | Bought a thick robe for 153 gold pieces
 71110 | Elf:2    | Identified the +0 robe of Polish {rF++} (You bought it in a
                  | shop on level 2 of the Elven Halls)
 71400 | Elf:2    | Found a huge runed translucent gate.
 71400 | Elf:2    | Found a huge runed translucent gate.
 71400 | Elf:2    | Found a huge runed translucent gate.
 71400 | Elf:2    | Found a huge runed translucent gate.
 71409 | Elf:2    | Found a huge runed translucent gate.
 71706 | Elf:3    | Entered Level 3 of the Elven Halls
 71710 | Elf:3    | Received a gift from Nemelex Xobeh
 71832 | Elf:3    | Got a fine ivory ring
 71833 | Elf:3    | Identified the ring "Duvu" {+Fly Int+6} (You found it on
                  | level 3 of the Elven Halls)
 71944 | Elf:3    | Reached XP level 25. HP: 120/210 MP: 37/37
 72597 | Elf:3    | Received a gift from Nemelex Xobeh
 72681 | Elf:3    | Noticed Nikola
 72696 | Elf:3    | Killed Nikola
 72885 | Elf:3    | Reached skill level 22 in Armour
 72997 | Elf:3    | Identified the +8 dagger of Watchfulness {elec, rN+ Int+4}
 73522 | Elf:3    | Identified the Volume of Twisted Ignition
 73526 | Elf:3    | Identified the Tome of Displaced Evil Secrets
 74060 | Vaults:5 | Entered Level 5 of the Vaults
 74156 | Vaults:5 | @:perfect timing
 74521 | Vaults:5 | Got a glimmering mace
 74527 | Vaults:5 | Got a silver rune of Zot
 74536 | Vaults:5 | Got a translucent ring mail
 74539 | Vaults:5 | Got an iridescent hand axe
 74543 | Vaults:5 | Identified the +3 ring mail of the Spider Nest {-Cast MR+
                  | rCorr} (You found it on level 5 of the Vaults)
 74615 | Vaults:5 | Found the +9 sword of Zonguldrok {reap}
 74620 | Vaults:5 | Noticed an ancient lich
 74779 | Vaults:5 | @:elixir????
 74781 | Vaults:5 | @:one of the more disappointing ones
 75425 | Vaults:4 | Reached skill level 23 in Armour
 75514 | Vaults:5 | Noticed Margery
 75534 | Vaults:5 | @:oh that's margery not a vault warden
 75534 | Vaults:5 | @:i mean i should have known that
 75761 | Vaults:5 | Found Ekunustri's Magic Scroll Shoppe.
 75767 | Vaults:5 | Bought a scroll of enchant armour for 105 gold pieces
 75767 | Vaults:5 | Bought a scroll of fog for 28 gold pieces
 75767 | Vaults:5 | Bought a scroll of teleportation for 42 gold pieces
 75767 | Vaults:5 | Bought a scroll of teleportation for 42 gold pieces
 75767 | Vaults:5 | Bought a scroll of enchant weapon for 105 gold pieces
 75782 | Vaults:5 | Bought 3 scrolls of acquirement for 2184 gold pieces
 75782 | Vaults:5 | Acquired 1014 gold pieces
 75784 | Vaults:5 | Acquired the +2 lajatang "Amugaj" {vorpal, +Inv rC- MR+++
                  | SInv}
 75785 | Vaults:5 | Acquired the +1 cloak of the Poles {Regen+ Dex+3}
 75817 | Vaults:5 | Identified the Incunabulum of the Supportive Oath
 75953 | Vaults:5 | Identified the +4 morningstar "Makelly" {freeze, *Drain MR+
                  | Dex+9}
 76310 | Vaults:5 | Received a gift from Nemelex Xobeh
 76323 | Vaults:5 | Identified the +2 leather armour of Nihilism {MR+}
 76356 | Vaults:5 | Killed Margery
 76511 | Vaults:5 | Gained mutation: You are strongly in touch with the powers
                  | of death. [Mummy growth]
 76511 | Vaults:5 | Reached XP level 26. HP: 181/218 MP: 37/37
 76902 | Vaults:5 | Reached skill level 24 in Armour
 77497 | Vaults:5 | Killed an ancient lich
 78161 | Zot:1    | Entered Level 1 of the Realm of Zot
 78166 | Zot:1    | Noticed an orb of fire
 78831 | Zig:1    | Entered Level 1 of a ziggurat
 78922 | Zig:2    | Entered Level 2 of a ziggurat
 78946 | Zig:3    | Entered Level 3 of a ziggurat
 78971 | Zig:3    | Identified the Guide on the Fetching Arsonist
 78985 | Zig:4    | Entered Level 4 of a ziggurat
 78985 | Zig:4    | Found the +10 zealot's sword {holy, *Rage rN+ EV+3}
 79110 | Zig:5    | Entered Level 5 of a ziggurat
 79141 | Zig:5    | Identified the Grimoire of Sinister Magic and Displacement
 79377 | Depths:5 | Killed an orb of fire
 79757 | Zot:2    | Received a gift from Nemelex Xobeh
 79968 | Zot:3    | Reached skill level 15 in Staves
 80690 | Zot:3    | Reached XP level 27. HP: 135/228 MP: 1/37
 81821 | Zot:4    | Noticed an orb of fire
 81836 | Zot:4    | Killed an orb of fire
 82024 | Zot:5    | Entered Level 5 of the Realm of Zot
 82024 | Zot:5    | Received a gift from Nemelex Xobeh
 82211 | Zot:5    | Found a runed translucent door.
 82212 | Zot:5    | Noticed Decrayps's ghost (veteran FeEn)
 82274 | Zot:5    | Killed Decrayps's ghost
 82567 | Zot:5    | @:should have bought the ring
 82839 | Zot:4    | Reached skill level 15 in Summonings
 83044 | Zot:5    | Received a gift from Nemelex Xobeh
 83073 | Zot:5    | Noticed an ancient lich
 83080 | Zot:5    | @:r u kidding me
 83089 | Zot:5    | Killed an ancient lich
 83203 | Zot:5    | Noticed an orb of fire
 83356 | Zot:5    | Noticed an ancient lich
 83366 | Zot:5    | Killed an ancient lich
 83439 | Zot:5    | Reached skill level 15 in Invocations
 83511 | Zot:5    | Noticed an ancient lich
 83536 | Zot:5    | Killed an ancient lich
 83718 | Zot:5    | @:i do not believe this
 83722 | Zot:5    | Got the Orb of Zot
 83731 | Zot:5    | Noticed an orb of fire
 83737 | Zot:5    | Noticed an orb of fire
 83753 | Zot:5    | @:play perfectly, get rewarded
 84179 | D:1      | @:need to escape with all my friends
 84183 | D:$      | Escaped with the Orb!

Action                   |  1- 3 |  4- 6 |  7- 9 | 10-12 | 13-15 | 16-18 | 19-21 | 22-24 | 25-27 || total
-------------------------+-------+-------+-------+-------+-------+-------+-------+-------+-------++-------
Melee: Quarterstaff      |    30 |   146 |   514 |  1205 |  1946 |    71 |    61 |   151 |    26 ||  4150
       Dagger            |   118 |    29 |       |       |       |       |       |       |       ||   147
       Lajatang          |       |       |       |       |   611 |  1926 |  1986 |  2322 |  1693 ||  8538
Throw: Throwing net      |       |     1 |       |       |     1 |       |       |       |       ||     2
       Dart              |       |       |     1 |       |       |       |       |       |    12 ||    13
       Boomerang         |       |       |       |     2 |       |       |       |       |       ||     2
       Javelin           |       |       |       |       |       |     7 |     2 |     1 |     1 ||    11
 Cast: Summon Lightning  |       |       |       |       |       |    37 |    38 |    14 |       ||    89
       Apportation       |       |       |       |       |       |       |     1 |     6 |     5 ||    12
       Shadow Creatures  |       |       |       |       |       |       |       |    34 |    38 ||    72
Invok: Draw Destruction  |       |       |     1 |    16 |     7 |    11 |    14 |     2 |     1 ||    52
       Draw Escape       |       |       |       |     3 |       |       |     1 |       |       ||     4
       Draw Summoning    |       |       |       |     7 |     6 |    11 |    14 |     4 |     5 ||    47
       Triple Draw       |       |       |       |       |     2 |       |     7 |     1 |     1 ||    11
       Stack Five        |       |       |       |       |     1 |       |       |       |     1 ||     2
       Deal Four         |       |       |       |       |       |       |     2 |     1 |     5 ||     8
       Draw Stack        |       |       |       |       |       |       |     3 |     1 |     2 ||     6
 Abil: Stop Flying       |       |       |       |       |       |     1 |       |       |       ||     1
       Evoke Flight      |       |       |       |       |       |     1 |       |       |       ||     1
Evoke: Wand              |       |     1 |     2 |       |     2 |       |     7 |     3 |     2 ||    17
       Tin of tremorston |       |       |       |       |       |       |     5 |     4 |       ||     9
       Lightning rod     |       |       |       |       |       |       |     3 |       |       ||     3
       Phantom mirror    |       |       |       |       |       |       |     1 |       |       ||     1
       Condenser vane    |       |       |       |       |       |       |       |       |     3 ||     3
  Use: Scroll            |     3 |     6 |     6 |     6 |    10 |    11 |    12 |    11 |    32 ||    97
 Stab: Sleeping          |     1 |       |       |       |       |       |       |       |       ||     1
       Held in net/web   |       |     1 |       |       |       |       |       |       |       ||     1
       Distracted        |       |       |       |     1 |     1 |    12 |     6 |     7 |    12 ||    39
       Petrified         |       |       |       |       |       |    10 |       |       |     6 ||    16
       Petrifying        |       |       |       |       |       |     1 |       |       |       ||     1
       Confused          |       |       |       |       |       |       |       |       |     1 ||     1
Armor: Leather armour    |    41 |       |       |       |       |       |       |       |       ||    41
       Ring mail         |    10 |    39 |       |       |       |       |       |       |       ||    49
       Scale mail        |       |    36 |    27 |       |       |       |       |       |       ||    63
       Chain mail        |       |       |    12 |   514 |  1690 |  1214 |  1163 |  1621 |   502 ||  6716
       Plate armour      |       |       |   232 |    35 |       |       |       |       |   813 ||  1080
Dodge: Dodged            |    99 |   102 |   158 |   389 |  1529 |  1447 |  1494 |  1930 |  1239 ||  8387

Levels and vault maps discovered:
D:1:      dpeg_arrival_simpleton_a, layout_basic, minmay_misc_feat_pillars,
          minmay_tiny_reverse_x
D:2:      layout_rooms, grunt_temple_overflow_opulence, nemelex_altar_shiori
D:3:      layout_basic, chequers_ecumenical_altar_simple_redux,
          ashenzari_altar_1
D:4:      layout_basic, lightli_corner_chamber
D:5:      layout_basic, okawaru_metal_pillars_1_2, lemuel_doored_altar,
          old_standard_altar, minmay_temple_entry_stoned_glass, serial_shops,
          shop, uniq_blork_the_orc
D:6:      layout_loops_ring, nicolae_tso_carved_into_rock,
          chequers_hall_statues_wall_a, skrybe_limestone_x,
          fedhas_altar_decomposition
D:7:      minmay_octagon_keep, layout_basic
D:8:      layout_rooms, overflow_temple_1_default, lair_entry_dummy
D:9:      layout_cross, kb_xom_exploding_sheep, gammafunk_temple_overflow_arena,
          kennysheep_little_box, gammafunk_temple_overflow_wave, serial_shops,
          nicolae_shop_competitors_out_of_business, corexii_leaking_fountain
D:10:     layout_gridville, hangedman_fish_farm, uniq_joseph, uniq_sonja
D:11:     layout_cave_pools, basic_altar, serial_shops, shop,
          nicolae_barding_shop
D:12:     minmay_bad_star, layout_irregular_city, orc_0_dummy,
          minmay_gold_behind_fungi
D:13:     layout_cave_pods, erik_vaults_2, basic_altar, serial_park,
          serial_park_paths [serial_park_minivault_5x5_4], serial_park_gazebo
          [serial_park_minivault_5x5_7], minmay_misc_feat_room
D:14:     layout_cave_pools, minivault_25
D:15:     hangedman_depths_entry_try_elsewhere_first, layout_irregular_city,
          roderic_malta_cross, portal_ice_cave_entry_ice_beasts,
          hangedman_ru_absence
Temple:   nicolae_temple_figure_zero
Lair:1:   layout_big_grid, serial_bayou, serial_bayou_ford_a,
          serial_bayou_pond_c, serial_bayou_lagoon_a, serial_bayou_lagoon_b,
          serial_bayou_shore_b
Lair:2:   layout_loops_ring, gammafunk_ghost_icy, grunt_forest_large_clearings,
          uniq_harold
Lair:3:   layout_loops_ring, minmay_shoals_entry_centaurs,
          nicolae_volcano_entry_two_sided
Lair:4:   layout_gridlike, minmay_snake_entry_guardpost_medium,
          serial_bayou_shore_a
Lair:5:   layout_long_grid, minmay_slime_entry_oklob_open,
          gauntlet_entry_generic
Lair:6:   wormcave, layout_cave_pods, hangedman_lair_caniforms_friends,
          eino_house_with_fridge, infiniplex_staircase_pool, grunt_megastairs_1
Shoals:1: layout_shoals, st_sunken_huts
Shoals:2: cheibrodos_shoals_satyrical_garden, layout_shoals
Shoals:3: layout_shoals, uniq_mara
Shoals:4: shoals_end_grunt_ice, layout_shoals, shoals_ilsuiw_ice,
          nicolae_shoals_undead_eyrie, uniq_polyphemus
Snake:1:  minmay_snake_river, layout_onion_interference, serial_shops,
          nicolae_shop_waterfront, serial_bayou_lake_a
Snake:2:  layout_chambers, serial_shops, nicolae_shop_statue_plus
Snake:3:  layout_chambers, lemuel_fruit_tree, minmay_shop_grove
Snake:4:  snake_pit, layout_cave_town, serial_shops, shop
Orc:1:    layout_caves, nicolae_orc_lava_tube, uniq_erica
Orc:2:    kennysheep_orc_mage_school, layout_caves
Elf:1:    eino_elf_arrival_altar, layout_loops_cross, minmay_elf_sorcery,
          nicolae_twisting_strands, uniq_frances
Elf:2:    layout_geoelf_grid, minmay_shoptagon
Elf:3:    grunt_elf_hall_asides, layout_loops_corners, uniq_nikola
Vaults:1: v_pattern_3, hangedman_vaults_nails, v_misc_24, v_alt_pattern_3,
          nicolae_vaults_angled_halls, nicolae_vaults_windows_and_doors_thing,
          v_misc_25, ontoclasm_vaults_ring_small, v_misc_24,
          dpeg_vaults_monster_row, grunt_vaults_twisty, vaults_mumra_hexcomb,
          layout_vaults_omnicross
Vaults:2: nicolae_vaults_bisected_slash, minmay_crypt_entry_simple_box,
          nicolae_vaults_specimen_jars, v_misc_5,
          nicolae_vaults_border_crossing, nicolae_vaults_an_arrangement,
          hangedman_vaults_restitches, nicolae_vaults_little_squares_3,
          nicolae_vaults_theta, vaults_dpeg_doors,
          nicolae_vaults_yaktaur_gun_rack, nicolae_vaults_sealed_display,
          nicolae_vaults_asterisk, layout_vaults_chaotic_city, uniq_mennas,
          uniq_jory
Vaults:3: nicolae_vaults_network_quinsquares
          [nicolae_vaults_network_quincunx_subvault,
          nicolae_vaults_network_quincunx_subvault,
          nicolae_vaults_network_quincunx_subvault,
          nicolae_vaults_network_quincunx_subvault], vaults_mumra_chevron,
          hangedman_vaults_corner, hangedman_vaults_nodes,
          hangedman_vaults_trim, ontoclasm_vaults_twist, vaults_dpeg_cross,
          nicolae_vaults_alarming, nicolae_vaults_little_squares_2,
          layout_vaults_quadrants, uniq_saint_roka, uniq_boris, uniq_donald
Vaults:4: hangedman_vaults_variations, nicolae_vaults_triangles,
          ontoclasm_vaults_chip, v_misc_16, st_more_cells, v_misc_16,
          nicolae_vaults_diagonal_hallway_7, vaults_room_door_ring,
          serial_ice_g, layout_vaults_maze_bifur
Vaults:5: uniq_margery
Crypt:1:  layout_catacombs, uniq_aizul, uniq_sojobo
Crypt:2:  layout_gridlike, minmay_misc_feat_columns, grunt_ministairs_3,
          nicolae_crypt_fedhas_prevails
Crypt:3:  grunt_crypt_end_deaths_head
Depths:1: minmay_the_grid_triangle_9x9_rhombus_full_mashed
          [minmay_the_grid_triangle_9x9_flanged_cone,
          minmay_the_grid_triangle_9x9_semitri,
          minmay_the_grid_triangle_9x9_longest,
          minmay_the_grid_triangle_9x9_odd_lines,
          minmay_the_grid_triangle_9x9_dagger,
          minmay_the_grid_triangle_9x9_wacky_v,
          minmay_the_grid_triangle_9x9_negative_grid,
          minmay_the_grid_triangle_9x9_prize_insulated], layout_basic,
          abyss_entry_small_statue_room, pf_hell_entry_tar_spiral,
          hangedman_abyss_or_decor_passed, guppyfry_shop_venom
Depths:2: kennysheep_ogre_elephant_herders, layout_cave_pools, pf_coc_iceberg,
          dk_noncrumbling_3, nicolae_abyss_entry_one_way_or_another,
          dk_noncrumbling_4
Depths:3: minmay_stepped, layout_cave_pools, serial_shops, bzr_entry_lakeside,
          grunt_pan_entry_sceptre, hell_entry
Depths:4: minmay_diamond_stairs, layout_basic, abyss_entry,
          hangedman_geh_valley, serial_aquarium, aquarium_bridge_square
          [aquarium_subvault_wall, aquarium_subvault_bridge,
          aquarium_subvault_balcony, aquarium_subvault_window],
          aquarium_window_3, aquarium_window_fake, aquarium_window_fake,
          aquarium_window_2, aquarium_view_4, aquarium_balcony_3a,
          aquarium_pool_corner
Depths:5: grunt_crosshair, layout_cave_shapes, enter_ziggurat_a,
          grunt_decor_arrowhead, nicolae_trove_entry_diagonal, hell_entry,
          abyss_entry, serial_sigils_hangedman_gut, serial_bayou_shore_b
Zot:1:    layout_onion_interference
Zot:2:    layout_twisted_circle, lemuel_elevator
Zot:3:    kennysheep_blocky_room, layout_gridlike
Zot:4:    kennysheep_blocky_hall, layout_gridlike
Zot:5:    layout_gridlike, ebering_ghost_inner_flame

Table legend: (Time is in decaauts)
 A = Elapsed time spent in this place.
 B = Non-inter-level travel time spent in this place.
 C = Inter-level travel time spent in this place.
 D = Time resting spent in this place.
 E = Time spent auto-exploring this place.
 F = Levels seen in this place.
 G = Mean time per level.
                   A        B        C        D        E       F      G
               +--------+--------+--------+--------+--------+-----+--------+
         Total |  79993 |  75377 |   4616 |  29026 |  24993 |  63 | 1269.7 |
       Dungeon |  13773 |  12372 |   1401 |   2354 |   6636 |  15 |  918.2 |
        Temple |    109 |    101 |      8 |      0 |    100 |   1 |  109.0 |
          Lair |   9447 |   8863 |    584 |   2063 |   3671 |   6 | 1574.5 |
        Shoals |   6422 |   6120 |    302 |   2686 |   1878 |   4 | 1605.5 |
     Snake Pit |   6215 |   5979 |    236 |   1973 |   2586 |   4 | 1553.8 |
  Orcish Mines |   1708 |   1539 |    169 |    391 |    896 |   2 |  854.0 |
   Elven Halls |   3419 |   3113 |    306 |    853 |   1476 |   3 | 1139.7 |
        Vaults |  14052 |  13157 |    895 |   6766 |   2899 |   5 | 2810.4 |
         Crypt |   5471 |   5275 |    196 |   2033 |   1614 |   3 | 1823.7 |
        Depths |  12121 |  11704 |    417 |   6358 |   2495 |   5 | 2424.2 |
           Zot |   3988 |   3892 |     96 |   1938 |    460 |   5 |  797.6 |
      Ziggurat |    296 |    296 |      0 |    146 |      0 |   5 |   59.2 |
        Bazaar |    289 |    289 |      0 |    145 |     21 |   1 |  289.0 |
         Trove |    101 |    101 |      0 |      0 |      0 |   1 |  101.0 |
      Ice Cave |    711 |    711 |      0 |    153 |    257 |   1 |  711.0 |
       Volcano |   1190 |   1190 |      0 |    840 |      0 |   1 | 1190.0 |
      Gauntlet |    674 |    674 |      0 |    322 |      0 |   1 |  674.0 |
               +--------+--------+--------+--------+--------+-----+--------+

Top non-repeatable levels by time:
Vaults:2: 3960 daAuts
Depths:4: 3824 daAuts
Depths:1: 3270 daAuts
Vaults:3: 3139 daAuts
Vaults:5: 2876 daAuts
Vaults:1: 2642 daAuts
Shoals:3: 2586 daAuts
Depths:5: 2539 daAuts
 Crypt:3: 2409 daAuts
 Crypt:1: 2197 daAuts
  Lair:6: 2132 daAuts
   Elf:3: 1850 daAuts
 Snake:3: 1831 daAuts
 Snake:4: 1683 daAuts
     D:7: 1647 daAuts

Table legend:
 A = Kills in this place as a percentage of kills in entire the game.
 B = Kills by you in this place as a percentage of kills by you in the entire game.
 C = Kills by friends in this place as a percentage of kills by friends in the entire game.
 D = Other kills in this place as a percentage of other kills in the entire game.
 E = Experience gained in this place as a percentage of experience gained in the entire game.
 F = Experience gained in this place divided by the number of levels of this place that you have seen.
                   A       B       C       D       E      F
               +-------+-------+-------+-------+-------+----------------------
         Total | 100.0 | 100.0 | 100.0 | 100.0 | 100.0 | 26687.1
       Dungeon |  17.7 |  18.5 |   2.5 |  14.3 |   4.7 | 5314.4
          Lair |  12.7 |  12.6 |  16.1 |   4.8 |   5.3 | 14887.2
        Shoals |   6.6 |   6.3 |  14.4 |   4.8 |   5.6 | 23554.5
     Snake Pit |   7.8 |   7.6 |  12.7 |   4.8 |   6.4 | 26974.8
  Orcish Mines |   2.6 |   2.7 |   0.0 |   0.0 |   0.8 | 6741.5
   Elven Halls |   4.4 |   4.6 |   0.8 |   0.0 |   5.9 | 33213.3
        Vaults |  18.9 |  18.9 |  17.8 |  28.6 |  24.3 | 81646.8
         Crypt |   8.2 |   7.7 |  19.5 |   9.5 |   9.1 | 51234.3
        Depths |  13.0 |  13.5 |   3.4 |  14.3 |  20.6 | 69379.8
           Zot |   4.3 |   4.0 |   9.3 |  19.0 |  14.4 | 48343.4
      Ziggurat |   0.6 |   0.6 |   1.7 |   0.0 |   1.5 | 5115.6
      Ice Cave |   2.1 |   2.2 |   0.0 |   0.0 |   0.9 | 14606.0
       Volcano |   0.5 |   0.4 |   0.8 |   0.0 |   0.1 | 2451.0
      Gauntlet |   0.4 |   0.4 |   0.8 |   0.0 |   0.2 | 3823.0
               +-------+-------+-------+-------+-------+----------------------
